 Dungeon Crawl Stone Soup version 0.28.0-62-gf88900778d (webtiles) character file.

Game seed: 2438093532040215277

6169 Delarado the Thaumaturge (level 11, -1/81 HPs)
             Began as a Djinni Fire Elementalist on Apr 17, 2023.
             Was an Initiate of Makhleb.
             Hit by a javelin thrown by a centaur (13 damage)
             ... in a bailey on Apr 22, 2023.
             The game lasted 00:36:13 (11072 turns).

Delarado the Thaumaturge (DjFE)                    Turns: 11072, Time: 00:36:13

Health: -1/81      AC:  8    Str:  9    XL:     11   Next: 13%
Gold:   397        EV:  8    Int: 19    God:    Makhleb [......] SH:  4 Dex: 14

rFire   + + .      SeeInvis +   Q - +2 whip (venom)
rCold   . . .      Faith    .   y - +0 buckler
rNeg    . . .      Spirit   .   S - +0 scale mail
rPois   ∞          Reflect  .   (no helmet)
rElec   .          Harm     .   g - +1 cloak {rPois}
rCorr   .          Rampage  .   (no gloves)
Will    +....                   (boots unavailable)
Stlth   ..........              (no amulet)
HPRegen 0.23/turn               f - ring of see invisible
MPRegen 0.00/turn               G - ring of protection from cold

@: flying, invisible
A: sickness immunity, fire resistance 2, cold vulnerability 1, float, innate
caster, HP casting, extra vitality 1
a: Renounce Religion


You were in a bailey.
You worshipped Makhleb.
Makhleb was noncommittal.
You visited 2 branches of the dungeon, and saw 11 of its levels.
You also visited: Bailey.

You collected 397 gold pieces.

Inventory:

Hand Weapons
 B - a +1 flail of protection
 Q - a +2 whip of venom (weapon)
Missiles
 b - 203 stones
 j - 49 poisoned darts (quivered)
 m - 5 boomerangs
 E - 2 throwing nets
 H - 2 atropa-tipped darts
 J - 2 javelins
Armour
 a - a +0 robe
 c - a +0 troll leather armour
 g - a +1 cloak of poison resistance (worn)
 y - a +0 buckler (worn)
 R - a +0 chain mail
 S - a +0 scale mail (worn)
Magical Staves
 s - a staff of death
Jewellery
 f - a ring of see invisible (left hand)
 n - a ring of ice
 G - a ring of protection from cold (right hand)
 O - a +6 ring of intelligence
Wands
 e - a wand of polymorph (5)
 l - a wand of paralysis (16)
 r - a wand of flame (9)
 v - a wand of charming (2)
 w - a wand of digging (4)
 F - a wand of mindburst (7)
 L - a wand of iceblast (5)
Scrolls
 h - a scroll of vulnerability
 i - a scroll of brand weapon {unknown}
 k - 2 scrolls of teleportation
 o - 2 scrolls of noise {unknown}
 p - 2 scrolls of amnesia
 t - 2 scrolls of enchant weapon
 u - a scroll of fog {unknown}
 z - 2 scrolls of immolation
 D - a scroll of blinking
 I - 2 scrolls of fear {unknown}
 N - a scroll of enchant armour
Potions
 d - a potion of magic
 q - 2 potions of curing
 x - 2 potions of brilliance
 A - 2 potions of degeneration
 C - 4 potions of haste
 K - a potion of might
 M - a potion of mutation


   Skills:
 + Level 7.8 Fighting
 + Level 0.9 Armour
 - Level 2.1 Dodging
 - Level 1.5 Stealth
 + Level 1.0 Shields
 - Level 11.0 Spellcasting
 + Level 0.9 Invocations


You had 7 spell levels left.
You knew the following spells:

 Your Spells              Type           Power      Damage    Failure   Level
a - Foxfire               Conj/Fire      100%       2x1d9     1%          1
b - Scorch                Fire           100%       2d10      1%          2
c - Conjure Flame         Conj/Fire      51%        6-21      2%          3
d - Inner Flame           Hex/Fire       51%        N/A       2%          3
e - Flame Wave            Conj/Fire      51%        2d10      9%          4
f - Beastly Appendage     Tmut           100%       N/A       1%          1
g - Wereblood             Tmut           51%        N/A       1%          2
h - Call Imp              Summ           51%        N/A       1%          2
i - Vampiric Draining     Necr           51%        2d9       2%          3
j - Cause Fear            Hex            25%        N/A       9%          4
Your spell library was empty.

Dungeon Overview and Level Annotations

Branches:
Dungeon (10/15)            Temple (1/1) D:4            Lair (0/6) D:10
    Orc (0/2) D:10         Bailey (1/1)

Altars:
Ashenzari
Cheibriados
Dithmenos
Elyvilon
Fedhas
Gozag
Hepliaklqana
Kikubaaqudgha
Makhleb
Nemelex Xobeh
Okawaru
Qazlal
Ru
Sif Muna
Trog
Uskayaw
Vehumet
Wu Jian
Yredelemnul
Zin
The Shining One

Shops:
D:9 (

Annotations:
D:7 3 runed translucent doors, Wanderer2's ghost, novice OpWz; crompyre's ghost, novice DDFi; peterlawrence's ghost, novice MiFi
D:8 3 runed translucent doors, daleorion's ghost, novice DrCj


Innate Abilities, Weirdness & Mutations

You are immune to sickness and miasma.
You are immune to poison.
Your flesh is very heat resistant. (rF++)
You are vulnerable to cold. (rC-)
You float through the air rather than walking.
You learn spells naturally, not from books.
Your magical power is your life essence.
You have superior vitality. (+4 MHP)


Message History

Okay, then.
You feel better.
The foxfire hits the orc but does no damage.
The orc is almost dead.
It was a potion of invisibility.
You fade into invisibility!
The foxfire hits the orc but does no damage.
The orc is moderately wounded.
There is a gate leading back out of this place, spattered with blood here.
Casting: Foxfire (safe; 1% risk of failure)
Confirm with . or Enter, or press ? or * to list all spells.
You conjure some foxfire!
* * * LOW HITPOINT WARNING * * *
The foxfire hits the orc!
You kill the orc!
Makhleb accepts your kill.
The foxfire hits the orc.
Flame seeps out of the orc.
The orc is lightly wounded.
Your Shields skill increases to level 1!
Casting: Foxfire (safe; 1% risk of failure)
Confirm with . or Enter, or press ? or * to list all spells.
You conjure some foxfire!
* * * LOW HITPOINT WARNING * * *
The orc is engulfed in blazing flames.
Makhleb accepts your kill.
The orc explodes!
The foxfire hits the orc.
Flame seeps out of the orc.
The orc is moderately wounded.
The orc is engulfed in blazing flames.
Makhleb accepts your kill.
The orc explodes!
The foxfire hits the orc.
The orc is severely wounded.
The centaur throws a javelin.
Casting: Foxfire (safe; 1% risk of failure)
Confirm with . or Enter, or press ? or * to list all spells.
You conjure some foxfire!
* * * LOW HITPOINT WARNING * * *
The centaur throws a javelin.
The javelin pierces through you!
You die...

≈≈≈.........≈≈≈
.....≈≈≈≈≈.....
....≈≈...≈≈....
.≈.☼≈.≈.≈.≈≈)§.
§≈)≈.≈≈.≈≈.≈)°≈
≈§§☼.≈...≈.≈≈.≈
§)§.≈≈v..≈≈.≈.≈
§§§.≈.⌠@⌠.≈.≈o≈
≈.§.≈..∩v.≈.≈.≈
≈.≈.≈.⌠∩⌠.≈.≈.≈
≈.≈.≈≈...≈≈.≈.≈
≈.≈≈)≈...≈.≈≈.≈
≈≈.≈.≈§§§≈.≈o≈≈
o≈.≈≈.§°§.≈≈.≈o
c≈≈.≈≈§.§≈≈.≈≈.
..≈≈.o≈.≈..≈≈..


You could see a centaur (inner flame) and 4 orcs.

Vanquished Creatures
  2 two-headed ogres
  A manticore (D:8)
  A troll (D:10)
  2 slime creatures (D:6)
  2 shadows
  A vampire (D:9)
  Eustachio (D:4)
  A steam dragon (D:6)
  A water moccasin (D:8)
  An orc warrior (D:9)
  A sky beast (D:7)
  An ice beast (D:6)
  2 necrophages
  5 centaurs
  A phantom (D:6)
  6 kobold brigands
  2 bullfrogs
  2 scorpions
  10 wights
  3 centaur zombies
  3 orc priests (D:7)
  2 bullfrog skeletons (D:6)
  3 gnoll shamans
  A jelly (D:6)
  A centaur skeleton (D:3)
  5 iguanas
  Ijyb (D:4)
  Terence (D:2)
  3 killer bee zombies
  A howler monkey zombie (D:8)
  4 adders
  14 gnolls
  A shadow imp (D:7)
  A white imp (D:6)
  A worm (D:2)
  A dart slug (D:3)
  13 orcs
  9 ball pythons
  4 bats
  11 endoplasms
  A giant cockroach (D:2)
  7 hobgoblins
  4 jackals (D:4)
  17 kobolds
  A quokka (D:2)
  A frilled lizard (D:1)
  5 goblins
  8 rats
170 creatures vanquished.

Vanquished Creatures (others)
  272 foxfires
  6 fungi (D:6)
  10 toadstools (D:6)
  4 withered plants (D:7)
292 creatures vanquished.

Grand Total: 462 creatures vanquished

Notes
Turn   | Place    | Note
-------+----------+-------------------------------------------
     0 | D:1      | Delarado the Djinni Fire Elementalist began the quest for
                  | the Orb.
     0 | D:1      | Reached XP level 1. HP: 15/15 MP: 0/0
   186 | D:1      | Reached XP level 2. HP: 18/21 MP: 0/0
  1279 | D:2      | Reached skill level 3 in Spellcasting
  1347 | D:2      | Reached XP level 3. HP: 14/25 MP: 0/0
  1347 | D:2      | Learned a level 1 spell: Beastly Appendage
  1525 | D:2      | Found a sparkling altar of Nemelex Xobeh.
  2021 | D:2      | Reached XP level 4. HP: 29/31 MP: 0/0
  2120 | D:2      | Noticed Terence
  2132 | D:2      | Killed Terence
  2591 | D:3      | Reached skill level 4 in Spellcasting
  2591 | D:3      | Reached XP level 5. HP: 29/35 MP: 0/0
  2591 | D:3      | Learned a level 2 spell: Wereblood
  3574 | D:4      | Found a staircase to the Ecumenical Temple.
  3579 | Temple   | Entered the Ecumenical Temple
  3720 | D:4      | Noticed Ijyb
  3725 | D:4      | Killed Ijyb
  3726 | D:4      | Reached XP level 6. HP: 33/40 MP: 0/0
  3929 | D:4      | Noticed Eustachio
  3936 | D:4      | Killed Eustachio
  3937 | D:4      | Reached skill level 5 in Spellcasting
  4220 | D:5      | Entered Level 5 of the Dungeon
  4240 | D:5      | You are sucked into a shaft and drop 2 floors!
  4258 | D:7      | Noticed a shadow
  4315 | D:6      | Reached XP level 7. HP: 33/45 MP: 0/0
  4315 | D:6      | Learned a level 2 spell: Call Imp
  4545 | D:6      | Reached skill level 6 in Spellcasting
  4770 | D:6      | Found a glowing silver altar of Zin.
  4775 | D:6      | Found a blossoming altar of Fedhas.
  5060 | D:6      | Noticed a steam dragon
  5177 | D:6      | Killed a steam dragon
  5178 | D:6      | Reached skill level 7 in Spellcasting
  5178 | D:6      | Reached XP level 8. HP: 30/50 MP: 0/0
  5650 | D:6      | Reached skill level 8 in Spellcasting
  5671 | D:6      | Reached XP level 9. HP: 34/55 MP: 0/0
  5671 | D:6      | Learned a level 3 spell: Vampiric Draining
  5825 | D:6      | Noticed a slime creature
  5839 | D:6      | Killed a slime creature
  5862 | D:6      | Noticed a slime creature
  5933 | D:6      | Killed a slime creature
  5934 | D:6      | Reached skill level 9 in Spellcasting
  6264 | D:6      | Found a sacrificial altar of Ru.
  6411 | D:7      | Reached skill level 1 in Fighting
  6537 | D:7      | Found a runed translucent gate.
  6538 | D:7      | Found a runed translucent gate.
  6539 | D:7      | Found a runed translucent gate.
  7511 | D:7      | Noticed Wanderer2's ghost (novice OpWz)
  7512 | D:7      | Noticed peterlawrence's ghost (novice MiFi)
  7512 | D:7      | Noticed crompyre's ghost (novice DDFi)
  7853 | D:8      | Reached XP level 10. HP: 62/67 MP: 0/0
  7973 | D:8      | Noticed a manticore
  7977 | D:8      | Reached skill level 10 in Spellcasting
  7983 | D:8      | Killed a manticore
  7984 | D:8      | Reached skill level 5 in Fighting
  8249 | D:8      | Noticed a two-headed ogre
  8265 | D:8      | Killed a two-headed ogre
  8459 | D:8      | Found a bloodstained altar of Trog.
  8459 | D:8      | Found a hide-covered altar of Uskayaw.
  8467 | D:8      | Found an iron altar of Okawaru.
  8473 | D:8      | Found a burning altar of Makhleb.
  8475 | D:8      | Found a shadowy altar of Dithmenos.
  8479 | D:8      | Became a worshipper of Makhleb the Destroyer
  8637 | D:8      | Found a basalt altar of Yredelemnul.
  8959 | D:8      | Found a runed translucent gate.
  8960 | D:8      | Found a runed translucent gate.
  8961 | D:8      | Found a runed translucent gate.
  8963 | D:8      | Noticed daleorion's ghost (novice DrCj)
  9484 | D:9      | Found Vaesuig's Weapon Shoppe.
  9589 | D:9      | Noticed a two-headed ogre
  9596 | D:9      | Killed a two-headed ogre
  9948 | D:9      | Reached XP level 11. HP: 47/79 MP: 0/0
  9948 | D:9      | Learned a level 4 spell: Cause Fear
 10192 | D:9      | Reached skill level 11 in Spellcasting
 10978 | D:10     | Entered Level 10 of the Dungeon
 11036 | D:10     | Found a flagged portal.
 11045 | Bailey   | Entered a bailey
 11069 | Bailey   | Reached skill level 1 in Shields
 11072 | Bailey   | Hit by a javelin thrown by a centaur

Illustrated notes

Levels and vault maps discovered:
D:1:      erik_arrival_cave_to_civilisation [erik_arrival_cave_to_hall],
          layout_basic, nrook_loot_triangle, minmay_misc_feat_five,
          minmay_tromino_v4_b
D:2:      layout_basic, basic_altar, uniq_terence
D:3:      layout_basic, grunt_ministairs_4, minmay_fountain_box
D:4:      layout_cave_pools, temple_doors_e, uniq_ijyb, uniq_eustachio
D:5:      layout_basic
D:6:      cheibrodos_fertilizer, layout_loops_ring,
          mainiacjoe_overflow_boulevard, minmay_overflow_temple_star_quad,
          grunt_ministairs_4
D:7:      layout_cave_pods, gammafunk_ghost_cemetery
D:8:      layout_loops_ring, chequers_temple_overflow_minitemple,
          lemuel_zombie_altar_yredelemnul, gammafunk_ghost_necromancy
D:9:      layout_small_grid, serial_shops, shop
D:10:     layout_long_grid, doesnt_xom_only_xom, nemelex_diamond_rough_becter,
          lair_entry_dummy, david_orc_2, enter_bailey_2, uniq_gastronok
Temple:   eino_temple_lava
Bailey:   bailey_polearm_flooded_kennysheep, bailey

Skill      XL: |  1  2  3  4  5  6  7  8  9 10 11 |
---------------+----------------------------------+-----
Spellcasting   | 3 4 5 7 8 9 10 11 | 11.0
Fighting       | 3 7 |  7.8
Shields        | 1 |  1.0
Armour         | |  0.9
Dodging        | |  2.1
Stealth        | |  1.5
Invocations    | |  0.9

Action                   |  1- 3 |  4- 6 |  7- 9 | 10-12 || total
-------------------------+-------+-------+-------+-------++-------
 Cast: Foxfire           |    38 |    39 |    55 |    35 ||   167
       Scorch            |     2 |    24 |    29 |    35 ||    90
       Inner Flame       |       |     6 |    53 |    41 ||   100
       Conjure Flame     |       |       |     1 |     2 ||     3
       Flame Wave        |       |       |     1 |     1 ||     2
       Cause Fear        |       |       |       |     1 ||     1
  Use: Scroll            |       |     2 |    13 |     2 ||    17
       Potion            |       |       |       |     2 ||     2
Armor: Robe              |     1 |       |     1 |       ||     2
       Scale mail        |       |       |       |     3 ||     3
Dodge: Dodged            |    10 |     6 |     3 |    23 ||    42
Block: Buckler           |       |       |     4 |     3 ||     7
